 Dungeon Crawl Stone Soup version 0.30.1-11-g7821555f0a (webtiles) character file.

Game seed: 7050289029816048769

42 KittyFluff the Trooper (level 3, -7/23 HPs)
             Began as a Gargoyle Berserker on Nov 24, 2023.
             Was a Believer of Trog.
             Mangled by Sigmund
             ... wielding a +2 scythe of freezing
              (11 damage)
             ... on level 2 of the Dungeon.
             The game lasted 00:04:59 (1197 turns).

KittyFluff the Trooper (Gargoyle Berserker)         Turns: 1197, Time: 00:05:00

Health: -7/23      AC:  7    Str: 22    XL:     3   Next: 54%
Magic:  3/3        EV: 11    Int:  7    God:    Trog [**....]
Gold:   42         SH:  0    Dex:  9    Spells: 2/2 levels left

rFire   . . .        a - +0 mace
rCold   . . .        (no shield)
rNeg    + . .        j - +0 leather armour
rPois   ∞            (no helmet)
rElec   +            (no cloak)
rCorr   .            g - +0 pair of gloves
SInv    +            (no boots)
Will    .....        c - amulet of regeneration
Stlth   +            k - ring of see invisible
HPRegen 1.03/turn    (no ring)
MPRegen 0.08/turn

%: no passive effects
@: no status effects
A: sickness immunity, AC +3, negative energy resistance 1, electricity
resistance, torment resistance 1, petrification resistance
a: Renounce Religion, Berserk, Trog's Hand


You were on level 2 of the Dungeon.
You worshipped Trog.
Trog was pleased with you.
You visited 1 branch of the dungeon, and saw 2 of its levels.

You collected 42 gold pieces.

Inventory:

Hand Weapons
 a - a +0 mace (weapon)
 n - a +0 heavy quarterstaff
Missiles
 f - 2 poisoned darts (quivered)
 m - 2 boomerangs
Armour
 g - a +0 pair of gloves (worn)
 j - a +0 leather armour (worn)
Jewellery
 c - an amulet of regeneration (around neck)
 k - a ring of see invisible (left hand)
Scrolls
 b - a scroll of amnesia {unknown}
 d - a scroll of fear {unknown}
 i - a scroll of brand weapon {unknown}
 o - a scroll of noise {unknown}
 p - a scroll of enchant weapon {unknown}
 q - 3 scrolls of vulnerability {unknown}
 r - a scroll of teleportation {unknown}
Potions
 e - a potion of haste {unknown}
 h - a potion of magic {unknown}
 l - a potion of mutation {unknown}


   Skills:
 + Level 3.5 Fighting
 * Level 3.5 Maces & Flails
 * Level 2.9 Armour
 + Level 1.8 Dodging
 + Level 1.1 Stealth


You had 2 spell levels left.
You didn't know any spells.
Your spell library was empty.

Dungeon Overview and Level Annotations

Branches:
Dungeon (2/15)

Altars:

Shops:
D:2 (

Annotations:
D:2 Sigmund


Innate Abilities, Weirdness & Mutations

You are immune to sickness and miasma.
Your stone body is resilient. (AC +3)
You are immune to poison.
You resist negative energy. (rN+)
You are resistant to electric shocks. (rElec)
You are resistant to unholy torment.
You are immune to petrification.


Message History

You thump Sigmund!
Sigmund is moderately wounded.
You hit Sigmund but do no damage.
Sigmund is moderately wounded.
Sigmund barely misses you.
You closely miss Sigmund.
Sigmund is moderately wounded.
Sigmund hits you with a +2 scythe of freezing!
Sigmund freezes you.
* * * LOW HITPOINT WARNING * * *
You closely miss Sigmund.
Sigmund is moderately wounded.
Sigmund's eyes start glowing with a red light.
Sigmund hits you but does no damage.
You hit Sigmund.
Sigmund is moderately wounded.
Sigmund gestures wildly while chanting.
Sigmund flickers and vanishes for a moment.
You hit Sigmund.
Sigmund is heavily wounded.
Sigmund says, "Your kind have come here before.
I understand now why.
You desire death..."
Sigmund closely misses you.
You barely miss Sigmund.
Sigmund is heavily wounded.
Sigmund points at you and mumbles some strange words.
The puff of flame hits you!
* * * LOW HITPOINT WARNING * * *
You completely miss Sigmund.
Sigmund is heavily wounded.
Sigmund hits you with a +2 scythe of freezing.
* * * LOW HITPOINT WARNING * * *
Sigmund freezes you.
* * * LOW HITPOINT WARNING * * *
You barely miss Sigmund.
Sigmund is heavily wounded.
Sigmund closely misses you.
You barely miss Sigmund.
Sigmund is heavily wounded.
Sigmund hits you with a +2 scythe of freezing!
You die...

..######...#.# #.....
....##.......# #.#.####
#..... ..#.##.#...###
#....... #..... ..#.##.#...#
#....... #..... ..#.##.#...#
#....... #.....
..#..#.#..... #...... ##.###
####.#.#.#######...... #.#
.......#.#.....@.# ####.#
####.###.#.##...@#
#######....#
####.###.#.......#
........####
.........####....# ####..#.#
.........# #....# #..##)#
.........####....# ##..# #.#
.....).......#.#####..# #.#
........####.#.......#####.#
........####.#..## #.......#
...........#.#..# #.#######


You could see Sigmund (invisible).

Vanquished Creatures
  An adder (D:2)
  2 dart slugs (D:1)
  2 ball pythons (D:1)
  2 bats (D:1)
  A giant cockroach (D:2)
  4 goblins
  3 hobgoblins
  4 jackals (D:1)
  A quokka (D:1)
  A kobold (D:2)
  6 rats (D:1)
27 creatures vanquished.

Notes
Turn   | Place    | Note
-------+----------+-------------------------------------------
     0 | D:1      | KittyFluff the Gargoyle Berserker began the quest for the
                  | Orb.
     0 | D:1      | Reached XP level 1. HP: 14/14 MP: 1/1
   198 | D:1      | Reached XP level 2. HP: 19/19 MP: 2/2
   426 | D:1      | Reached XP level 3. HP: 23/23 MP: 3/3
   674 | D:2      | Reached skill level 1 in Stealth
   776 | D:2      | Found Dabru's Weapon Boutique.
  1095 | D:2      | Reached ** piety under Trog
  1173 | D:2      | Noticed Sigmund
  1195 | D:2      | HP: 1/23 [Sigmund/+2 scythe of freezing (1)]
  1197 | D:2      | Mangled by Sigmund

Illustrated notes

Levels and vault maps discovered:
D:1:      reono_arrival_mine, layout_basic
D:2:      layout_basic, serial_shops, shop, minmay_misc_feat_chi,
          minmay_goblin_kobold_house, uniq_sigmund

Skill      XL: |  1  2  3 |
---------------+----------+-----
Stealth        | 1 |  1.1
Fighting       | |  3.5
Maces & Flails | |  3.5
Armour         | |  2.9
Dodging        | |  1.8

Action                     || total
---------------------------++-------
  Melee: Mace              ||   105
         Punch             ||     1
 Armour: Animal skin       ||    30
         Leather armour    ||    18
  Dodge: Dodged            ||    67
